 Dungeon Crawl Stone Soup version 0.18.1-48-g4cf74bf (webtiles) character file.

68 Goblin1989 the Conjurer (level 4, 30/30 HPs)
             Began as a Demonspawn Conjurer on Aug 5, 2016.
             Quit the game on level 3 of the Dungeon.
             The game lasted 00:09:25 (2323 turns).

Goblin1989 the Conjurer (Demonspawn Conjurer)       Turns: 2323, Time: 00:09:26

Health: 30/30      AC:  2    Str:  8    XL:     4   Next: 1%
Magic:  5/7        EV: 12    Int: 18    God:
Gold:   103        SH:  0    Dex: 11    Spells: 2 memorised, 5 levels left

rFire  . . .     SeeInvis .     i - +3 dagger
rCold  . . .     Gourm    .     a - +0 robe
rNeg   . . .     Faith    .     (no shield)
rPois  .         Spirit   .     (helmet restricted)
rElec  .         Dismiss  .     (no cloak)
rCorr  .         Reflect  .     (no gloves)
SustAt .         Harm     .     (no boots)
MR     .....                    (no amulet)
Stlth  ++........               (no ring)
                                d - -2 ring of dexterity (curse)

@: not resistant to hostile enchantments, unstealthy
A: antennae 2, claws 1
a: no special abilities


You were on level 3 of the Dungeon.
You were very hungry.

You visited 1 branch of the dungeon, and saw 3 of its levels.

You collected 103 gold pieces.

Inventory:

Hand Weapons
 i - a +3 dagger (weapon)
Armour
 a - a +0 robe (worn)
Jewellery
 d - a cursed -2 ring of dexterity (left claw)
Wands
 h - a wand of teleportation (2/9)
Scrolls
 k - a scroll of amnesia {unknown}
 n - a scroll of identify
Potions
 e - 2 potions of heal wounds
 g - 5 potions of curing {unknown}
 j - 2 potions of haste
 l - a potion of cancellation {unknown}
 m - 2 potions of flight {unknown}
 p - a potion of berserk rage {unknown}
Books
 b - a book of Conjurations

   Spells                             Type                      Level
   a - Magic Dart                     Conjuration                  1
   b - Searing Ray                    Conjuration                  2
   c - Dazzling Spray                 Conjuration/Hexes            3
   d - Fulminant Prism                Conjuration/Hexes            4
   e - Iskenderun's Mystic Blast      Conjuration                  4
   f - Iskenderun's Battlesphere      Conjuration/Charms           5
Comestibles
 c - 2 bread rations
 f - a slice of pizza
 o - a beef jerky


   Skills:
 - Level 1.7 Dodging
 - Level 1.7 Stealth
 + Level 2.5 Spellcasting
 * Level 5.2 Conjurations


You had 5 spell levels left.
You knew the following spells:

 Your Spells              Type           Power        Failure   Level  Hunger
a - Magic Dart            Conj           ###.         1%          1    #......
b - Searing Ray           Conj           ###...       3%          2    ##.....


Dungeon Overview and Level Annotations

Branches:
Dungeon (3/15)

Altars:
Ashenzari


Innate Abilities, Weirdness & Mutations

You have a pair of antennae on your head.
You have sharp fingernails.


Message History

a short sword; a kobold corpse
g - 5 yellow potions (gained 2)
Found a stone staircase leading up.
You now have 103 gold pieces (gained 9).
MP restored: 6 A goblin comes into view.
You see here 11 gold pieces.
Casting: Magic Dart
Confirm with . or Enter, or press ? or * to list all spells.
Aiming: Magic Dart
Press: ? - help, Shift-Dir - straight line, f - goblin
Aim: a goblin (resting)
The magic dart hits the goblin.
You kill the goblin!
You have reached level 4!
You feel clever.
Your demonic ancestry asserts itself...
Your fingernails lengthen.
Health restored: 30 You now have 5/7 mp.
Are you sure you want to abandon this character and quit the game? (Confirm with "yes".)

...# #.. .. #..#
#.. ..# #..# #..
.. #..# #..
#.###..# #..
..##..# #..
#.##..# ######.. #
##.##..# #.......
###.#<@.#..#
#.#####.
#.......#..# #.#
#. #..........#
#.# #.
#......#..######(#
#.
#......#.......(.#
#.
#......#)..#######
#. ###.#####..# ##
#. #.># # ####


There were no monsters in sight!

Vanquished Creatures
  An adder (D:2)
  2 dart slugs (D:1)
  3 giant geckos (D:2)
  5 bats
  2 giant cockroaches
  A goblin (D:3)
  7 hobgoblins
  7 jackals (D:1)
  3 giant newts (D:1)
  8 kobolds
  12 rats
51 creatures vanquished.

Notes
Turn   | Place    | Note
--------------------------------------------------------------
     0 | D:1      | Goblin1989 the Demonspawn Conjurer began the quest for the Orb.
     0 | D:1      | Reached XP level 1. HP: 13/13 MP: 3/3
   496 | D:1      | Gained mutation: You have a pair of small antennae on your head. [demonic ancestry]
   496 | D:1      | Reached XP level 2. HP: 19/19 MP: 0/5
  1053 | D:1      | Found a shattered altar of Ashenzari.
  1103 | D:1      | Gained mutation: You have a pair of antennae on your head. [demonic ancestry]
  1103 | D:1      | Reached XP level 3. HP: 18/24 MP: 0/6
  1376 | D:1      | Learned a level 2 spell: Searing Ray
  1463 | D:2      | Reached skill level 5 in Conjurations
  2322 | D:3      | Gained mutation: You have sharp fingernails. [demonic ancestry]
  2322 | D:3      | Reached XP level 4. HP: 30/30 MP: 5/7
  2323 | D:3      | Quit the game

Skill      XL: |  1  2  3 |
---------------+----------+-----
Conjurations   | 5 |  5.2
Dodging        | |  1.7
Stealth        | |  1.7
Spellcasting   | |  2.5

Action                   |  1- 3 |  4- 6 || total
-------------------------+-------+-------++-------
Melee: Dagger            |    16 |       ||    16
 Cast: Magic Dart        |    91 |     1 ||    92
       Searing Ray       |     1 |       ||     1
  Use: Scroll            |     3 |       ||     3
  Eat: Chunk             |     4 |       ||     4
Armor: Robe              |     7 |       ||     7
Dodge: Dodged            |    24 |       ||    24
